 Dungeon Crawl Stone Soup version 0.29-a0-275-g389c0b56f3 (webtiles) character file.

Game seed: 4148766387875425764

70 howech the Magician (level 4, -4/27 HPs)
             Began as an Octopode Hedge Wizard on Mar 10, 2022.
             Slain by an orc wizard
             ... wielding a +0 dagger
              (5 damage)
             ... on level 2 of the Dungeon.
             The game lasted 00:15:32 (2761 turns).

howech the Magician (Octopode Hedge Wizard)         Turns: 2761, Time: 00:15:32

Health: -4/27      AC:  1    Str:  9    XL:     4   Next: 21%
Magic:  5/9        EV: 13    Int: 18    God:
Gold:   146        SH:  0    Dex: 11    Spells: 3/10 levels left

rFire   . . .      SeeInvis .   a - +0 dagger (venom)
rCold   . . .      Faith    .   (no shield)
rNeg    . . .      Spirit   .   b - +0 hat
rPois   .          Reflect  .   (no amulet)
rElec   .          Harm     .   (no ring)
rCorr   .          Rampage  .   (no ring)
Will    .....                   (no ring)
Stlth   +++.......              (no ring)
HPRegen 0.09/turn               (no ring)
MPRegen 0.11/turn               (no ring)
                                (no ring)
                                (no ring)

@: no status effects
A: almost no armour, amphibious, 8 rings, camouflage 1, gelatinous body 1,
(nimble swimmer 1), tentacles
a: no special abilities


You were on level 2 of the Dungeon.
You visited 1 branch of the dungeon, and saw 3 of its levels.

You collected 146 gold pieces.

Inventory:

Hand Weapons
 a - a +0 dagger of venom (weapon)
Missiles
 d - 89 stones
 f - 9 poisoned darts
Armour
 b - a +0 hat (worn)
Scrolls
 e - a scroll of fog {unknown}
 h - a scroll of enchant weapon {unknown}
Potions
 c - a potion of magic
 g - a potion of flight {unknown}


   Skills:
 + Level 0.7 Short Blades
 + Level 2.2 Dodging
 + Level 3.3 Stealth
 + Level 0.7 Unarmed Combat
 * Level 3.5 Spellcasting
 + Level 1.3 Conjurations
 + Level 0.0 Hexes
 + Level 1.6 Summonings
 + Level 1.5 Translocations
 * Level 0.0 Fire Magic


You had 3 spell levels left.
You knew the following spells:

 Your Spells              Type           Power      Damage    Failure   Level
a - Magic Dart            Conj           28%        1d4       9%          1
b - Blink                 Tloc           16%        N/A       13%         2
c - Call Imp              Summ           9%         N/A       12%         2
d - Slow                  Hex            12%        N/A       16%         1
e - Foxfire               Conj/Fire      20%        2x1d5     12%         1

Your spell library contained the following spells:

 Spells                   Type           Power      Damage    Failure   Level
 Conjure Flame            Conj/Fire      5%         6-21      34%         3
 Mephitic Cloud           Conj/Pois/Air  4%         N/A       36%         3
 Inner Flame              Hex/Fire       3%         N/A       43%         3
 Flame Wave               Conj/Fire      5%         2d5       75%         4
 Manifold Assault         Tloc           8%         N/A       93%         5
 Conjure Ball Lightning   Conj/Air       2%         3x3d6     100%        6
 Storm Form               Tmut/Air       1%         N/A       100%        7
 Discord                  Hex            1%         N/A       100%        8
 Disjunction              Tloc           4%         N/A       100%        8


Dungeon Overview and Level Annotations

Branches:
Dungeon (3/15)

Altars:


Innate Abilities, Weirdness & Mutations

You cannot wear most types of armour.
You are amphibious.
You can wear up to eight rings at the same time.
Your skin changes colour to match your surroundings (Stealth+).
Your rubbery body absorbs attacks. (AC +1, EV +1)
((You are camouflaged when in or above water. (Stealth+)))
You have tentacles for arms and can constrict up to eight enemies at once.


Message History

Aiming: Magic Dart (safe; 9% risk of failure)
Press: ? - help, Shift-Dir - straight line, f - orc wizard, p - orc
Aim: an orc wizard, wielding a +0 dagger and wearing a +0 robe (100% to hit)
The magic dart hits the orc wizard.
The orc wizard is lightly wounded.
Casting: Magic Dart (safe; 9% risk of failure)
Confirm with . or Enter, or press ? or * to list all spells.
Aiming: Magic Dart (safe; 9% risk of failure)
Press: ? - help, Shift-Dir - straight line, f/p - orc wizard
Aim: an orc wizard, wielding a +0 dagger and wearing a +0 robe (lightly wounded, 100% to hit)
The magic dart hits the orc wizard.
The orc wizard is lightly wounded.
The orc wizard gestures at you while chanting.
The magic dart hits you!
You climb upwards.
There is a stone staircase leading down here.
The orc wizard points at you and mumbles some strange words.
The puff of flame hits you!
The orc wizard hits you with a +0 dagger.
* * * LOW HITPOINT WARNING * * *
There is a stone staircase leading down here.
You hit the orc wizard but do no damage.
The orc wizard is poisoned.
You grab the orc wizard.
The orc wizard is lightly wounded.
You constrict the orc wizard, but do no damage.
The orc wizard hits you with a +0 dagger.
* * * LOW HITPOINT WARNING * * *
You hit the orc wizard but do no damage.
The orc wizard looks as sick as possible!
The orc wizard is lightly wounded.
You constrict the orc wizard.
The orc wizard hits you with a +0 dagger.
* * * LOW HITPOINT WARNING * * *
Okay, then.
You hit the orc wizard.
The orc wizard looks as sick as possible!
The orc wizard is moderately wounded.
You constrict the orc wizard.
The orc wizard hits you with a +0 dagger.
You die...

#....######.##..#...#
#....# #.........#
##....# #.....##..#
#.....# #..#....).#
#.###.# ##..........
###.# #.# #.....#.##..
#...# #.# ##'#'###.##.#
###.###.####........##..
#...o@...'............
##########............
#........##..
######........##..
#.................
###.............###.
#...^..........## ##
#..............# ###
#....########### #..


You could see an orc wizard (extremely poisoned).

Vanquished Creatures
  2 worms (D:2)
  An orc (D:3)
  4 ball pythons
  4 endoplasms
  5 giant cockroaches
  7 goblins
  8 hobgoblins
  5 jackals
  3 kobolds
  2 quokkas
  2 bats (D:2)
  3 frilled lizards
  3 rats (D:1)
49 creatures vanquished.

Vanquished Creatures (collateral kills)
  An orc (D:2)
  3 jackals (D:1)
  A kobold (D:1)
5 creatures vanquished.

Vanquished Creatures (others)
  6 foxfires (D:3)
6 creatures vanquished.

Grand Total: 60 creatures vanquished

Notes
Turn   | Place    | Note
-------+----------+-------------------------------------------
     0 | D:1      | howech the Octopode Hedge Wizard began the quest for the
                  | Orb.
     0 | D:1      | Reached XP level 1. HP: 11/11 MP: 4/4
   260 | D:1      | Reached XP level 2. HP: 15/17 MP: 0/6
   492 | D:1      | Found a faded altar of an unknown god.
   686 | D:1      | Learned a level 2 spell: Blink
   689 | D:1      | Learned a level 2 spell: Call Imp
   691 | D:1      | Learned a level 1 spell: Slow
  1086 | D:1      | Reached XP level 3. HP: 11/21 MP: 2/7
  2159 | D:2      | Reached XP level 4. HP: 27/27 MP: 1/9
  2269 | D:2      | Identified the -3 pair of gloves of Nouwo {Fly Dex+4}
  2741 | D:2      | Learned a level 1 spell: Foxfire
  2760 | D:2      | HP: 1/27 [orc wizard/+0 dagger (2)]
  2761 | D:2      | Slain by an orc wizard

Illustrated notes

Levels and vault maps discovered:
D:1:      dpeg_arrival_morbid_curiosity, layout_rooms,
          nicolae_ecumenical_lake_church
D:2:      layout_basic
D:3:      layout_loops_ring

Skill      XL: |  1  2 |
---------------+-------+-----
Stealth        | 3 |  3.3
Short Blades   | |  0.7
Dodging        | |  2.2
Unarmed Combat | |  0.7
Spellcasting   | |  3.5
Conjurations   | |  1.3
Summonings     | |  1.6
Translocations | |  1.5

Action                   |  1- 3 |  4- 6 || total
-------------------------+-------+-------++-------
Melee: Dagger            |    44 |     7 ||    51
       Constrict         |    17 |     1 ||    18
       Tentacles         |     8 |       ||     8
       Punch             |     3 |       ||     3
 Cast: Magic Dart        |    91 |    12 ||   103
       Call Imp          |     2 |       ||     2
       Foxfire           |       |     3 ||     3
  Use: Potion            |     4 |       ||     4
       Scroll            |     1 |       ||     1
 Stab: Sleeping          |       |     4 ||     4
Armor: Skin              |     3 |       ||     3
Dodge: Dodged            |    32 |     1 ||    33

Table legend: (Time is in decaauts)
 A = Elapsed time spent in this place.
 B = Non-inter-level travel time spent in this place.
 C = Inter-level travel time spent in this place.
 D = Time resting spent in this place.
 E = Time spent auto-exploring this place.
 F = Levels seen in this place.
 G = Mean time per level.
                   A        B        C        D        E       F      G
               +--------+--------+--------+--------+--------+-----+--------+
         Total |   2764 |   2660 |    104 |   1061 |   1064 |   3 |  921.3 |
       Dungeon |   2764 |   2660 |    104 |   1061 |   1064 |   3 |  921.3 |
               +--------+--------+--------+--------+--------+-----+--------+

Top non-repeatable levels by time:
     D:1: 1572 daAuts
     D:2: 1168 daAuts
     D:3: 23 daAuts
